 Dungeon Crawl Stone Soup version 0.18.1-5-g4a78601 (webtiles) character file.

22 hannobal the Charlatan (level 2, -4/25 HPs)
             Began as a Naga Artificer on May 14, 2016.
             Engulfed by a cloud of flame (29 damage)
             ... on level 1 of the Dungeon.
             The game lasted 00:02:38 (806 turns).

hannobal the Charlatan (Naga Artificer)              Turns: 806, Time: 00:02:39

Health: -4/25      AC:  2    Str: 13    XL:     2   Next: 91%
Magic:  4/4        EV:  9    Int: 12    God:
Gold:   32         SH:  0    Dex: 11    Spells: 0 memorised, 1 level left

rFire  . . .     SeeInvis +     a - +3 dagger (elec)
rCold  . . .     Gourm    .     b - +0 leather armour
rNeg   . . .     Faith    .     (no shield)
rPois  +         Spirit   .     (no helmet)
rElec  .         Dismiss  .     (no cloak)
rCorr  .         Reflect  .     (no gloves)
SustAt +         Harm     .     (no barding)
MR     .....                    (no amulet)
Stlth  ++........               (no ring)
                                g - ring of sustain attributes

@: very slow, not resistant to hostile enchantments, unstealthy
A: see invisible, deformed body, poison resistance, slowness 2, slow metabolism
1, spit poison 2, AC +0
a: Spit Poison


You were on level 1 of the Dungeon.
You were not hungry.

You visited 1 branch of the dungeon, and saw 1 of its levels.

You collected 32 gold pieces.

Inventory:

Hand Weapons
 a - a +3 dagger of electrocution (weapon)
 j - a +0 short sword
 k - a +0 spear
 m - a +0 club
Missiles
 h - 45 sling bullets
 i - 14 stones (quivered)
 l - 23 poisoned needles
Armour
 b - a +0 leather armour (worn)
Jewellery
 g - a ring of sustain attributes (left hand)
Wands
 c - a wand of flame (14/48)
 d - a wand of enslavement (15/24)
 e - a wand of random effects (15/48)
Comestibles
 f - a bread ration
 n - a chunk of flesh


   Skills:
 - Level 1.0 Fighting
 + Level 2.2 Short Blades
 - Level 2.0 Dodging
 - Level 1.5 Stealth
 - Level 3.0 Evocations


You had one spell level left.
You didn't know any spells.

Dungeon Overview and Level Annotations

Branches:
Dungeon (1/15)

Altars:


Innate Abilities, Weirdness & Mutations

You cannot wear boots.
Your serpentine skin is tough (AC +0).
You have supernaturally acute eyesight.
Armour fits poorly on your strangely shaped body.
Your system is resistant to poisons.
You cover ground very slowly.
You have a slow metabolism.
You can spit poison.


Message History

The bat hits you.
You hit the bat.
There is a sudden explosion of sparks!
You kill the bat!
Search for what [? for help]? .
A giant cockroach comes into view.
You hit the giant cockroach.
There is a sudden explosion of sparks!
You kill the giant cockroach!
No target in view!
You see here a giant cockroach corpse.
You butcher the giant cockroach corpse.
n - a chunk of flesh
There is an escape hatch in the floor here.
You see here a pair of boots.
There is a stone staircase leading down here.
Found a glowing whip.
Partly explored, can't reach some places.
Really slither into a travel-excluded area?
You are engulfed in roaring flames.
Ouch! That really hurt!
You die...

#..##........
#...#####..... #.§§#
###### #§§§# #...#
#.§§# #...#
######...#####...#
##.§§§(.$$.§§§....#
#..§§§..$$..§§....##
#..@§§...$.§§§..###.
#.#####...#####.....
#.# #§§§# #.....
###########.# #§§§#
###### #..>........#
#§§§# #..#
#.####.######
#...######.# ##
#.####.# #.###.# #.#
.###....#.######
#.....###.#
......#........#
#####.....#


There were no monsters in sight!

Vanquished Creatures
  2 dart slugs (D:1)
  A giant cockroach (D:1)
  A goblin (D:1)
  A hobgoblin (D:1)
  4 jackals (D:1)
  A kobold (D:1)
  2 bats (D:1)
  2 giant newts (D:1)
  3 rats (D:1)
17 creatures vanquished.

Vanquished Creatures (others)
  A hobgoblin (D:1)
1 creature vanquished.

Grand Total: 18 creatures vanquished

Notes
Turn   | Place    | Note
--------------------------------------------------------------
     0 | D:1      | hannobal the Naga Artificer began the quest for the Orb.
     0 | D:1      | Reached XP level 1. HP: 18/18 MP: 3/3
   340 | D:1      | Reached XP level 2. HP: 17/25 MP: 4/4
   806 | D:1      | Engulfed by a cloud of flame

Skill      XL: |  1  2 |
---------------+-------+-----
Dodging        | 2 |  2.0
Short Blades   | 2 |  2.2
Fighting       | |  1.0
Stealth        | |  1.5
Evocations     | |  3.0

Action                   || total
-------------------------++-------
Melee: Short sword       ||    21
       Dagger            ||     4
 Abil: Spit Poison       ||     6
Evoke: Wand              ||     1
  Use: Scroll            ||     1
Armor: Leather armour    ||     4
Dodge: Dodged            ||    10
